Map: 필러스 오브 골드 - 래더

Players

INnoVation - Winner!

  • Race: Terran Terran
  • League: Grandmaster
  • Spawn Location: 1:00

Solar

  • Race: Zerg Zerg
  • League: Master
  • Spawn Location: 7:00

Event: StayAtHome Story Cup #3

VOD

Have the link to the VOD?

Description

Time

  • Played on: March 11, 2021, 11:20 a.m.
  • Length: 14:14

All games in this series

Show
View Real Time Build Order
Export as new Build Order

INnoVation Terran - Winner!

Build Orders: Reaper Expand 

Get SALT Encoding   

  12  0:00  SCV  
  13  0:12  SCV  
  14  0:17  Supply Depot  
  14  0:24  SCV  
  15  0:39  SCV  
  15  0:41  Barracks  
  16  0:45  Refinery  
  16  0:51  SCV  
  17  1:03  SCV  
  18  1:15  SCV  
  19  1:28  Orbital Command, Bunker  
  19  1:30  Reaper  
  20  1:48  Command Center  
  20  1:54  SCV  
  21  2:06  SCV  
  23  2:10  Supply Depot  
  22  2:18  SCV  
  22  2:19  Factory  
  23  2:24  Barracks Reactor  
  23  2:32  SCV  
  24  2:44  SCV  
  25  2:46  Command Center  
  25  2:56  SCV  
  26  2:59  Orbital Command  
  26  3:05  Starport  
  26  3:08  SCV  
  26  3:10  Refinery  
  27  3:14  Hellion  
  31  3:20  Hellion  
  31  3:22  Marine  
  31  3:23  SCV  
  31  3:26  SCV  
  34  3:36  SCV  
  34  3:38  SCV  
  34  3:39  Hellion  
  34  3:41  Viking  
  40  3:45  Hellion  
  40  3:46  Barracks Tech Lab  
  42  3:49  SCV  
  42  3:53  SCV  
  44  3:59  Orbital Command  
  44  4:06  Hellion  
  44  4:07  Hellion  
  48  4:11  Marauder, Medivac  
  48  4:15  Concussive Shells  
  52  4:17  Supply Depot  
  52  4:18  SCV x2  
  54  4:28  Hellion x2  
  58  4:32  Marauder  
  58  4:33  Armory  
  60  4:41  Supply Depot  
  60  4:42  SCV x2  
  62  4:50  Hellion x2  
  66  4:56  Supply Depot  
  66  4:57  Marine  
  66  4:58  Stimpack  
  67  5:01  SCV x2  
  67  5:03  SCV  
  70  5:07  Supply Depot  
  70  5:11  Hellion x2  
  70  5:13  SCV x2  
  76  5:30  Supply Depot  
  76  5:32  SCV x3  
  76  5:33  Hellion x2  
  83  5:40  Engineering Bay  
  83  5:41  Engineering Bay  
  80  5:42  Marine  
  80  5:45  Starport Reactor  
  80  5:48  SCV x3  
  82  5:51  Barracks  
  82  5:52  Barracks  
  77  5:57  Hellion x2  
  77  6:00  Refinery, Marine  
  77  6:01  Refinery  
  78  6:05  SCV x2  
  78  6:10  Orbital Command, Terran Infantry Weapons Level 1, Terran Infantry Armor Level 1  
  78  6:17  SCV  
  78  6:18  SCV  
  78  6:20  Marine  
  78  6:22  Hellion x2  
  77  6:31  SCV x2  
  79  6:33  Barracks x2  
  79  6:38  Marine  
  80  6:40  Barracks Reactor x2, Combat Shield  
  80  6:42  SCV  
  80  6:43  SCV x2  
  80  6:44  Hellion x2  
  83  6:51  Medivac x2  
  81  6:54  SCV  
  81  6:55  SCV x2  
  81  6:57  Marine  
  79  7:05  Hellion x2  
  79  7:06  SCV  
  79  7:07  SCV x2  
  86  7:11  Terran Vehicle Weapons Level 1  
  86  7:18  SCV, Marine x4  
  86  7:19  Barracks Reactor, SCV x2, Supply Depot  
  86  7:20  Barracks Reactor, Supply Depot  
  86  7:21  Marine  
  94  7:27  Widow Mine x2  
  98  7:36  Marine x3  
  101  7:40  Marine x2  
  101  7:42  Barracks x2, Medivac  
  101  7:43  Medivac  
  107  7:45  Supply Depot  
  107  7:46  Barracks, Supply Depot  
  107  7:52  Widow Mine x2  
  107  7:56  Marine x6  
  117  8:00  Supply Depot  
  117  8:02  Supply Depot  
  117  8:06  Marine x3  
  117  8:10  Terran Infantry Armor Level 2, Terran Infantry Weapons Level 2  
  120  8:14  Marine x6  
  120  8:16  Widow Mine x2  
  130  8:24  Marine x2  
  130  8:25  Marine  
  133  8:32  Marine x6  
  133  8:36  SCV x3  
  133  8:40  Medivac x2  
  133  8:42  Marine  
  133  8:44  Widow Mine x2  
  138  8:50  Marine x4  
  138  8:51  Supply Depot  
  138  8:52  Supply Depot  
  138  8:53  Marine x2  
  144  8:56  Marine x2  
  144  9:01  Marine  
  144  9:02  Marine  
  148  9:04  Supply Depot  
  147  9:10  Widow Mine x2  
  147  9:12  Medivac x2  
  147  9:14  Marine x3  
  150  9:26  Marine x6  
  150  9:27  Marine  
  157  9:37  Widow Mine  
  149  9:41  Marine x5  
  149  9:42  Medivac x2  
  149  9:47  Widow Mine  
  149  9:49  Supply Depot  
  149  9:50  Supply Depot  
  149  9:52  Marine x2  
  152  9:53  Supply Depot  
  152  9:54  Marine  
  152  9:58  Widow Mine  
  156  10:06  Marine  
  157  10:09  Marine x2  
  157  10:10  Marine x5  
  157  10:11  Widow Mine  
  157  10:14  Medivac x2  
  151  10:23  Marine x3  
  152  10:31  Terran Infantry Weapons Level 3, Terran Infantry Armor Level 3  
  152  10:32  Marine x2  
  154  10:37  Widow Mine  
  154  10:40  Marine  
  157  10:44  Marine x3  
  157  10:45  Widow Mine  
  157  10:48  Marine x2  
  157  10:50  Marine x2  
  157  10:51  Marine  
  140  10:58  Widow Mine, Medivac x2  
  140  10:59  Marine x4  
  140  11:03  Marine  
  140  11:04  Marine x2  
  150  11:05  Marine  
  150  11:06  Widow Mine  
  150  11:11  Supply Depot  
  155  11:12  Supply Depot  
  155  11:13  Marine  
  155  11:14  Marine  
  155  11:17  Supply Depot  
  157  11:25  Widow Mine  
  143  11:28  Widow Mine  
  143  11:29  SCV x3  
  143  11:31  Marine x6  
  135  11:41  Marine x6  
  135  11:46  Widow Mine  
  135  11:47  Medivac  
  135  11:49  Marine x5  
  135  11:54  Marine, Medivac  
  140  11:58  Widow Mine  
  140  11:59  Marine x2  
  144  12:03  Marine x4  
  144  12:07  Marine x2  
  149  12:09  Marine x3  
  149  12:12  Widow Mine, Marine  
  155  12:17  Marine x2  
  155  12:20  Marine  
  148  12:24  Marine x4  
  148  12:25  Marine  
  148  12:26  Widow Mine  
  148  12:27  Marine x3  
  148  12:29  Marine  
  155  12:34  Widow Mine, Marine  
  155  12:35  Marine  
  158  12:38  Marine  
  158  12:42  Marine x5  
  158  12:44  Marine  
  158  12:45  Marine x2  
  158  12:47  Widow Mine, Marine  
  157  12:52  Marine  
  157  12:53  Marine  
  157  12:55  Widow Mine  
  157  12:56  Marine  
  157  12:57  Medivac x2  
  157  13:00  Marine x5  
  157  13:02  Marine x3  
  157  13:05  Marine  
  159  13:10  Marine  
  159  13:11  Marine  
  161  13:14  Marine  
  161  13:15  Widow Mine  
  161  13:18  Marine  
  165  13:21  Marine  
  165  13:22  Marine x2  
  165  13:23  Marine  
  165  13:24  Marine  
  165  13:25  Marine x2  
  165  13:27  Marine  
  165  13:28  Marine  
  165  13:29  Marine  
  165  13:32  Marine  
  161  13:36  Marine  
  161  13:39  Marine  
  161  13:40  Marine x3  
  161  13:42  Marine  
  159  13:54  Marine  
  159  13:55  Marine x6  
Show
View Real Time Build Order
Export as new Build Order

Solar Zerg 

Build Orders: Hatch First 

Get SALT Encoding   

  12  0:00  Drone  
  13  0:12  Overlord  
  13  0:17  Drone  
  14  0:31  Drone x2  
  16  0:50  Hatchery  
  16  0:53  Drone  
  16  0:56  Drone  
  17  1:00  Drone  
  18  1:16  Spawning Pool  
  18  1:18  Drone  
  18  1:22  Drone  
  19  1:28  Extractor  
  19  1:29  Drone  
  19  1:40  Drone  
  20  1:51  Drone  
  21  2:03  Queen x2, Zergling x2  
  21  2:04  Zergling x2  
  27  2:13  Overlord  
  27  2:14  Drone  
  27  2:31  Hatchery  
  27  2:33  Drone  
  27  2:35  Drone  
  28  2:43  Queen  
  30  2:47  Drone  
  31  2:51  Metabolic Boost  
  31  2:57  Overlord  
  31  3:00  Drone  
  31  3:02  Drone  
  31  3:05  Drone  
  34  3:07  Drone  
  35  3:15  Drone x3  
  35  3:18  Drone  
  39  3:23  Pneumatized Carapace  
  39  3:25  Drone  
  40  3:30  Queen  
  40  3:34  Overlord  
  42  3:36  Drone  
  43  3:43  Drone x2  
  43  3:44  Queen  
  43  3:47  Drone  
  48  3:49  Drone  
  48  3:53  Drone  
  48  3:54  Drone  
  48  3:55  Zergling x4  
  53  3:58  Overlord  
  53  4:00  Drone  
  53  4:02  Drone  
  55  4:05  Spore Crawler  
  55  4:06  Drone  
  55  4:08  Overlord  
  56  4:12  Drone  
  56  4:16  Queen  
  59  4:18  Drone x3  
  59  4:20  Zergling x2  
  59  4:22  Zergling x2  
  64  4:29  Queen, Spore Crawler  
  65  4:33  Overlord  
  65  4:35  Extractor, Spore Crawler  
  63  4:43  Drone x3  
  63  4:44  Overlord  
  66  4:48  Evolution Chamber x2  
  66  4:50  Zergling x4  
  66  4:51  Overlord  
  66  4:52  Drone  
  67  4:54  Drone x2  
  67  4:55  Drone  
  67  4:57  Zergling x2  
  67  4:58  Zergling x2  
  72  5:02  Drone  
  72  5:05  Zergling x2  
  74  5:07  Queen  
  74  5:10  Overlord  
  74  5:13  Zergling x4  
  77  5:15  Zerg Ground Armor Level 1  
  77  5:17  Zerg Melee Weapons Level 1  
  77  5:20  Drone x2  
  79  5:23  Queen  
  81  5:29  Zergling x10  
  81  5:35  Zergling x8  
  86  5:38  Zergling x4  
  86  5:44  Queen x2  
  86  5:45  Zergling x2  
  86  5:49  Zergling x4  
  81  5:51  Zergling x6  
  81  5:54  Zergling x6  
  74  6:01  Queen  
  74  6:03  Zergling x6  
  75  6:10  Drone  
  74  6:11  Drone  
  74  6:13  Drone  
  74  6:16  Baneling Nest  
  75  6:20  Drone  
  75  6:21  Drone  
  66  6:26  Zergling x2  
  66  6:29  Queen x2  
  66  6:31  Zergling x2  
  72  6:33  Zergling x6  
  72  6:35  Zergling x2  
  72  6:39  Lair  
  74  6:45  Drone  
  74  6:46  Drone x3  
  77  6:51  Drone  
  75  6:55  Drone  
  75  6:57  Drone  
  75  7:02  Extractor, Drone  
  75  7:06  Drone  
  76  7:09  Drone x2  
  76  7:10  Drone  
  76  7:12  Hatchery  
  76  7:13  Drone x2  
  80  7:18  Drone  
  80  7:21  Drone, Extractor x2  
  80  7:23  Drone  
  80  7:25  Baneling x7  
  80  7:26  Overlord  
  81  7:33  Drone x2  
  81  7:35  Zergling x6  
  86  7:38  Centrifical Hooks, Overseer  
  86  7:40  Drone  
  87  7:44  Zergling x8  
  87  7:50  Zerg Ground Armor Level 2, Zerg Melee Weapons Level 2  
  91  7:52  Zergling x10  
  91  7:57  Overseer  
  96  7:59  Baneling  
  96  8:01  Drone x5  
  96  8:05  Baneling x2  
  101  8:08  Baneling  
  101  8:10  Zergling x4  
  101  8:12  Overlord  
  103  8:13  Baneling x2  
  103  8:16  Baneling x2, Zergling x4  
  103  8:17  Zergling x2  
  106  8:20  Overlord x3  
  106  8:23  Overlord  
  106  8:24  Overlord  
  105  8:30  Queen  
  105  8:33  Overlord  
  105  8:34  Overlord  
  105  8:36  Overseer  
  105  8:38  Zergling x6  
  105  8:40  Zergling x6  
  103  8:44  Zergling x10  
  103  8:47  Zergling x8  
  112  8:56  Baneling x7  
  112  8:57  Zergling x6  
  112  9:00  Zergling x8  
  119  9:03  Queen  
  119  9:04  Baneling x5  
  119  9:09  Zergling x6  
  123  9:15  Zergling x8  
  123  9:18  Zergling x4  
  123  9:19  Baneling  
  123  9:20  Baneling x12  
  125  9:24  Zergling x4  
  125  9:30  Baneling  
  125  9:31  Baneling, Zergling x12  
  119  9:40  Zergling x10  
  119  9:45  Zergling x2  
  121  9:47  Drone, Hydralisk Den  
  121  9:48  Infestation Pit  
  121  9:49  Hatchery  
  121  9:50  Zergling x4  
  121  9:54  Zergling x2  
  121  9:57  Zergling x2  
  121  9:58  Baneling, Zergling x4  
  121  9:59  Baneling x9  
  123  10:00  Baneling x4  
  123  10:01  Baneling x3  
  123  10:03  Drone x2  
  123  10:04  Drone  
  123  10:06  Extractor  
  125  10:13  Zergling x10  
  121  10:15  Zergling x10  
  121  10:21  Zergling x8  
  121  10:25  Hydralisk  
  121  10:26  Hydralisk x3  
  130  10:31  Grooved Spines  
  130  10:35  Baneling x3, Hydralisk x2  
  134  10:36  Zergling x2  
  134  10:41  Zergling x12  
  141  10:48  Zergling x8  
  141  10:53  Zergling x2  
  141  10:54  Zergling x8  
  129  11:01  Baneling x3  
  129  11:03  Baneling x12  
  129  11:07  Baneling x2, Hydralisk x2  
  129  11:08  Zergling x2  
  129  11:09  Overlord  
  134  11:14  Zergling x4  
  134  11:15  Zergling x4  
  134  11:17  Zergling x6  
  141  11:20  Zergling x2  
  141  11:21  Zergling x4  
  141  11:25  Hydralisk x2  
  136  11:31  Zergling x10  
  136  11:32  Zergling x2  
  137  11:34  Baneling x4  
  121  11:40  Zergling x10  
  121  11:41  Zergling x2  
  121  11:43  Muscular Augments  
  121  11:44  Hydralisk  
  120  11:48  Zergling x10  
  124  11:56  Zergling x8  
  124  11:57  Zergling x8  
  124  12:00  Drone  
  133  12:01  Drone  
  133  12:03  Drone  
  133  12:05  Baneling x5  
  133  12:07  Zergling x12  
  135  12:11  Zergling x4  
  137  12:16  Baneling x3  
  137  12:17  Overseer  
  137  12:22  Hydralisk x4  
  125  12:25  Zergling x4  
  125  12:26  Hydralisk  
  125  12:27  Hydralisk  
  125  12:29  Hydralisk  
  137  12:31  Hydralisk  
  137  12:35  Hydralisk x2  
  143  12:38  Hydralisk  
  143  12:41  Baneling  
  143  12:42  Baneling x2  
  143  12:43  Baneling x3  
  145  12:49  Zergling x10  
  145  12:51  Hydralisk  
  134  12:54  Overseer  
  134  12:56  Zergling x8  
  129  12:59  Zergling x6  
  129  13:03  Zergling x8  
  133  13:05  Zergling x2  
  133  13:06  Zergling x4  
  133  13:07  Zergling x2  
  133  13:12  Hydralisk x2  
  141  13:13  Zergling x4  
  141  13:14  Zergling x2  
  141  13:19  Baneling x10  
  144  13:20  Overseer  
  144  13:25  Zergling x10  
  137  13:30  Hydralisk  
  137  13:33  Hydralisk x3  
  120  13:35  Zergling x2  
  124  13:42  Zergling x10  
  124  13:44  Zergling x8  
  124  13:47  Zergling x4  
  113  13:57  Zergling x4  
Tags
 
Add a new tag
Caveats
  • Supply blocks, unpowered buildings, or Contaminate may cause inaccurate times.
  • Supply counts are checked every 10 seconds.